 Dungeon Crawl Stone Soup version 0.22-b1-26-g9dbaab1 (webtiles) character file.

504 Lew the Skirmisher (level 7, -1/85 HPs)
             Began as an Ogre Fighter on Aug 8, 2018.
             Slain by a gnoll
             ... wielding a +0 spear
              (8 damage)
             ... on level 4 of the Dungeon.
             The game lasted 00:09:44 (3483 turns).

Lew the Skirmisher (Ogre Fighter)                   Turns: 3483, Time: 00:09:44

Health: -1/85      AC:  3    Str: 23    XL:     7   Next: 17%
Magic:  7/7        EV:  8    Int:  9    God:
Gold:   163        SH:  9    Dex:  6    Spells: 6/6 levels left

rFire    + . .     SeeInvis .   a - +0 war axe
rCold    x . .     Gourm    .   c - +0 shield
rNeg     . . .     Faith    .   b - +0 robe
rPois    .         Spirit   .   (helmet restricted)
rElec    .         Reflect  .   (no cloak)
rCorr    .         Harm     .   (gloves unavailable)
MR       .....                  (boots unavailable)
Stlth    +.........             (no amulet)
HPRegen  0.24/turn              m - ring of fire
MPRegen  0.10/turn              (no ring)

@: no status effects
A: large, unfitting armour, horns 1, clumsy 1, robust 1, tough skin 1
a: no special abilities


You were on level 4 of the Dungeon.
You were not hungry.

You visited 1 branch of the dungeon, and saw 4 of its levels.

You collected 163 gold pieces.

Inventory:

Hand Weapons
 a - a +0 war axe (weapon)
Armour
 b - a +0 robe (worn)
 c - a +0 shield (worn)
Jewellery
 m - a ring of fire (left hand)
Scrolls
 d - a scroll of identify
 g - 2 scrolls of remove curse
Comestibles
 f - 4 rations


   Skills:
 * Level 7.2 Fighting
 + Level 3.7 Axes
 + Level 4.0 Dodging
 + Level 4.0 Shields


You had 6 spell levels left.
You didn't know any spells.
Your spell library was empty.

Dungeon Overview and Level Annotations

Branches:
Dungeon (4/15)
 Temple: D:4-7

Altars:


Innate Abilities, Weirdness & Mutations

You are too large for most types of armour.
You have tough skin. (AC +1)
You have a pair of small horns on your head.
You are clumsy. (Dex -2)
You are robust. (+10% HP)


Message History

You barely miss the gnoll. The gnoll hits you with a spear!
You block the gnoll's attack. The gnoll hits you with a spear.
You barely miss the gnoll. Your headbutt misses the gnoll.
You hit the gnoll. x2
The gnoll completely misses you. The gnoll hits you.
* * * LOW HITPOINT WARNING * * *
You block the gnoll's attack. The gnoll hits you with a spear!
* * * LOW HITPOINT WARNING * * *
You are too injured to fight recklessly!
You slash the gnoll! Your headbutt misses the gnoll.
The gnoll is severely wounded.
You barely miss the gnoll.
Your shield prevents you from hitting the gnoll.
The gnoll barely misses you. You block the gnoll's attack.
A worker ant comes into view.
The gnoll hits you with a spear!
* * * LOW HITPOINT WARNING * * *
The gnoll hits you.
* * * LOW HITPOINT WARNING * * *
The gnoll hits you with a spear!
You die...

.. #+### ...
#.#.. .... #.#.#
#.. #.#.#... ..
#.#.#.#....
#.#gg...a..
########.#@#
#........g)#
..........
#.######.#.#
.......... #.#
#.#.###.........
#.#
#.#.............
#.#
#.#####(........
#.# #..
........... #.#
#######.........
#.#
#.....<.......


You could see a worker ant (wandering) and 3 gnolls.

Vanquished Creatures
  Sigmund (D:3)
  The ghost of Nilihum the Poker, an amateur MfGl of Okawaru (D:3)
  A worker ant zombie (D:3)
  5 gnolls
  4 adders
  An ooze (D:3)
  An adder zombie (D:3)
  2 worms
  6 dart slugs
  3 leopard geckos
  4 ball pythons
  2 giant cockroaches
  13 goblins
  10 hobgoblins
  10 jackals
  6 bats
  2 frilled lizards
  2 giant cockroach zombies (D:3)
  13 kobolds
  13 rats
100 creatures vanquished.

Notes
Turn   | Place    | Note
-------+----------+-------------------------------------------
     0 | D:1      | Lew the Ogre Fighter began the quest for the Orb.
     0 | D:1      | Reached XP level 1. HP: 24/24 MP: 1/1
   185 | D:1      | Reached XP level 2. HP: 24/32 MP: 2/2
   297 | D:1      | Reached XP level 3. HP: 21/40 MP: 3/3
  1104 | D:2      | Reached skill level 5 in Fighting
  1184 | D:2      | Reached XP level 4. HP: 28/50 MP: 4/4
  2104 | D:3      | Found a runed gate.
  2104 | D:3      | Found a runed gate.
  2104 | D:3      | Found a runed gate.
  2106 | D:3      | Noticed Nilihum's ghost (amateur MfGl)
  2121 | D:3      | Gained mutation: You are somewhat resistant to further mutation. [potion of mutation]
  2123 | D:3      | Lost mutation: You are somewhat resistant to further mutation. [potion of mutation]
  2123 | D:3      | Gained mutation: You are clumsy. (Dex -2) [potion of mutation]
  2123 | D:3      | Gained mutation: You have a pair of small horns on your head. [potion of mutation]
  2123 | D:3      | Gained mutation: You are robust. (+10% HP) [potion of mutation]
  2129 | D:3      | Killed Nilihum's ghost
  2129 | D:3      | Reached skill level 6 in Fighting
  2129 | D:3      | Reached XP level 5. HP: 58/64 MP: 5/5
  2129 | D:3      | Reached XP level 6. HP: 67/73 MP: 6/6
  2759 | D:3      | Noticed Sigmund
  2833 | D:3      | Killed Sigmund
  2833 | D:3      | Reached skill level 7 in Fighting
  2833 | D:3      | Reached XP level 7. HP: 35/85 MP: 7/7
  3483 | D:4      | Slain by a gnoll

Skill      XL: |  1  2  3  4  5  6  7 |
---------------+----------------------+-----
Shields        | 3 4 |  4.0
Dodging        | 3 4 |  4.0
Fighting       | 5 6 7 |  7.2
Axes           | 3 |  3.7

Action                   |  1- 3 |  4- 6 |  7- 9 || total
-------------------------+-------+-------+-------++-------
Melee: War axe           |   122 |   150 |    33 ||   305
       Headbutt          |       |    11 |     7 ||    18
  Use: Scroll            |     5 |     1 |       ||     6
       Potion            |     2 |     9 |       ||    11
 Stab: Sleeping          |       |     1 |       ||     1
  Eat: Ration            |     1 |     1 |       ||     2
       Chunk             |       |     2 |       ||     2
Armor: Robe              |    23 |    31 |     5 ||    59
       Skin              |       |    34 |     9 ||    43
Dodge: Dodged            |    48 |    49 |    19 ||   116
Block: Shield            |    50 |    95 |    21 ||   166
